3A
COLUMBIA RIVER RATS @ GRAND FORKS CATERPILLARS
08/08/2020
 
TOP OF THE 1ST
Columbia River Rats batting - Pitching for Grand Forks Caterpillars : LHP Gary Barber
Pitching: LHP Gary Barber
Batting: RHB Víctor López 0-0: Bunt missed!
0-1: Swinging Strike
0-2: Strikes out swinging
Batting: SHB Craig Barnes 0-0: Fly out, F9 (Flyball, 9M)
Batting: RHB José Rivera 0-0: Ball
1-0: Called Strike
1-1: Swinging Strike
1-2: SINGLE (Groundball, 5D)
Batting: RHB Armando Alvarado 0-0: Fly out, F7 (Line Drive, 78M)
Top of the 1st over - 0 run(s), 1 hit(s), 0 error(s), 1 left on base; Columbia 0 - Grand Forks 0
BOTTOM OF THE 1ST
Grand Forks Caterpillars batting - Pitching for Columbia River Rats : RHP Juan Reyes
Pitching: RHP Juan Reyes
Batting: RHB Fokke Willemsen 0-0: Swinging Strike
0-1: Reached on error, E5 (Groundball, 56)
Batting: SHB Valentín Guzmán 0-0: Called Strike
0-1: Ball
1-1: Ball
2-1: Foul Ball, location: 2F
2-2: Ball
3-2: Foul Ball, location: 2F
3-2: Strikes out swinging
Batting: LHB Armando Becerra 0-0: Ball
1-0: Foul Ball, location: 2F
1-1: Ball
Wild Pitch!
Fokke Willemsen to second
2-1: Fly out, F7 (Flyball, 78M)
Batting: LHB Alfonso Núñez 0-0: Ball
1-0: Swinging Strike
1-1: Swinging Strike
1-2: Ball
2-2: Strikes out looking
Bottom of the 1st over - 0 run(s), 0 hit(s), 1 error(s), 1 left on base; Columbia 0 - Grand Forks 0
TOP OF THE 2ND
Columbia River Rats batting - Pitching for Grand Forks Caterpillars : LHP Gary Barber
Batting: RHB Luis Alomar 0-0: Foul Ball, location: 2F
0-1: Ball
1-1: Swinging Strike
1-2: Foul Ball, location: 2F
1-2: Ball
2-2: Ball
3-2: Strikes out swinging
Batting: LHB Sean Booth 0-0: Called Strike
0-1: Ball
1-1: Called Strike
1-2: Ball
2-2: Fly out, F6 (Popup, 6D)
Batting: RHB Paco Vásquez 0-0: Called Strike
0-1: Foul Ball, location: 2F
0-2: Ball
1-2: Ball
2-2: Ball
3-2: SINGLE (Line Drive, 8LS)
Batting: SHB Jorge González 0-0: Fly out, F9 (Flyball, 89M)
Top of the 2nd over - 0 run(s), 1 hit(s), 0 error(s), 1 left on base; Columbia 0 - Grand Forks 0
BOTTOM OF THE 2ND
Grand Forks Caterpillars batting - Pitching for Columbia River Rats : RHP Juan Reyes
Batting: LHB Qi-zhen Loong 0-0: Called Strike
0-1: Ball
1-1: Ball
2-1: Fly out, F7 (Flyball, 7M)
Batting: RHB Nathaniel Gault 0-0: Called Strike
0-1: Ball
1-1: Ball
2-1: Ground out 6-3 (Groundball, 6)
Batting: SHB Luchino Salimbeni 0-0: SINGLE (Groundball, 15S) (infield hit)
Batting: LHB Gonzalo Álvarez 0-0: Called Strike
0-1: Ball
1-1: Foul Ball, location: 2F
1-2: Foul Ball, location: 2F
1-2: 2-RUN HOME RUN (Flyball, 89XD), Distance : 437 ft
Batting: LHB Júlio Castro 0-0: Swinging Strike
0-1: Ball
1-1: Called Strike
1-2: Strikes out swinging
Bottom of the 2nd over - 2 run(s), 2 hit(s), 0 error(s), 0 left on base; Columbia 0 - Grand Forks 2
TOP OF THE 3RD
Columbia River Rats batting - Pitching for Grand Forks Caterpillars : LHP Gary Barber
Batting: RHB Fernando Silva 0-0: Swinging Strike
0-1: Ball
1-1: Ball
2-1: Foul Ball, location: 2F
2-2: Strikes out swinging
Batting: RHB Víctor López 0-0: Fly out, F9 (Flyball, 89M)
Batting: SHB Craig Barnes 0-0: Swinging Strike
0-1: Foul Ball, location: 2F
0-2: Fly out, F8 (Flyball, 8RM)
Top of the 3rd over - 0 run(s), 0 hit(s), 0 error(s), 0 left on base; Columbia 0 - Grand Forks 2
BOTTOM OF THE 3RD
Grand Forks Caterpillars batting - Pitching for Columbia River Rats : RHP Juan Reyes
Batting: RHB Fokke Willemsen 0-0: Fly out, F8 (Line Drive, 8LM)
Batting: SHB Valentín Guzmán 0-0: Ground out 3-1 (Groundball, 34)
Batting: LHB Armando Becerra 0-0: Called Strike
0-1: Foul Ball, location: 2F
0-2: Strikes out looking
Bottom of the 3rd over - 0 run(s), 0 hit(s), 0 error(s), 0 left on base; Columbia 0 - Grand Forks 2
TOP OF THE 4TH
Columbia River Rats batting - Pitching for Grand Forks Caterpillars : LHP Gary Barber
Batting: RHB José Rivera 0-0: SINGLE (Line Drive, 34)
Batting: RHB Armando Alvarado 0-0: Foul Ball, location: 2F
0-1: SINGLE (Line Drive, 9LS)
José Rivera to second
Batting: RHB Luis Alomar 0-0: Called Strike
0-1: Ball
1-1: Ball
2-1: SINGLE (Groundball, 6MD)
José Rivera to third
Armando Alvarado to second
Batting: LHB Sean Booth 0-0: Called Strike
0-1: Ball
1-1: Ball
2-1: Foul Ball, location: 2F
2-2: Foul Ball, location: 2F
2-2: Strikes out swinging
Batting: RHB Paco Vásquez 0-0: Ball
1-0: Called Strike
1-1: Ball
2-1: SINGLE (Flyball, 8RS)
José Rivera scores
Armando Alvarado to third
Luis Alomar to second
Batting: SHB Jorge González 0-0: SINGLE (Groundball, 6MD)
Armando Alvarado scores
Luis Alomar to third
Paco Vásquez to second
Runner from 3rd tries for Home, SAFE, no throw or cutoff
Batting: RHB Fernando Silva 0-0: Foul Ball, location: 2F
0-1: Foul Ball, location: 2F
0-2: Ball
1-2: SINGLE (Groundball, 34D)
Paco Vásquez to third
Jorge González to second
Runner from 3rd tries for Home, SAFE, throw made home
Jorge González to third
Fernando Silva to second
Batting: RHB Víctor López 0-0: Ball
1-0: Swinging Strike
1-1: TRIPLE (Line Drive, 3L)
Jorge González scores
Fernando Silva scores
Pitching: LHP Oliver De Jesús
Batting: SHB Craig Barnes 0-0: Called Strike
0-1: Swinging Strike
0-2: SINGLE (Line Drive, 9LS)
Víctor López scores
Batting: RHB José Rivera 0-0: Ball
1-0: Ball
2-0: Called Strike
2-1: Ball
3-1: Called Strike
3-2: Fly out, F7 (Flyball, 78M)
3-2: Fly out, F7 (Flyball, 78M)
Batting: RHB Armando Alvarado 0-0: Swinging Strike
0-1: Fly out, F9 (Flyball, 9M)
Top of the 4th over - 7 run(s), 8 hit(s), 0 error(s), 1 left on base; Columbia 7 - Grand Forks 2
BOTTOM OF THE 4TH
Grand Forks Caterpillars batting - Pitching for Columbia River Rats : RHP Juan Reyes
Batting: LHB Alfonso Núñez 0-0: Ball
1-0: Ball
2-0: Ball
3-0: Called Strike
3-1: SINGLE (Groundball, 34D)
Batting: LHB Qi-zhen Loong 0-0: Swinging Strike
0-1: Called Strike
0-2: Ball
1-2: SINGLE (Groundball, 34)
Alfonso Núñez to second
Runner from 2nd tries for 3rd, SAFE, no throw or cutoff
Batting: RHB Nathaniel Gault 0-0: Called Strike
0-1: Ball
1-1: Hit by Pitch
Qi-zhen Loong to second
Batting: SHB Luchino Salimbeni 0-0: Ball
1-0: Ball
2-0: Called Strike
2-1: Foul Ball, location: 2F
2-2: Strikes out swinging
Batting: LHB Gonzalo Álvarez 0-0: Ball
1-0: Called Strike
1-1: Fielders Choice at 2nd, 4-6 (Groundball, 4)
Alfonso Núñez scores
Qi-zhen Loong to third
Batting: LHB Júlio Castro 0-0: Fly out, F8 (Flyball, 8LD)
Bottom of the 4th over - 1 run(s), 2 hit(s), 0 error(s), 2 left on base; Columbia 7 - Grand Forks 3
TOP OF THE 5TH
Columbia River Rats batting - Pitching for Grand Forks Caterpillars : LHP Oliver De Jesús
Batting: RHB Luis Alomar 0-0: Foul Ball, location: 2F
0-1: Foul Ball, location: 2F
0-2: Ball
1-2: Strikes out swinging
Batting: LHB Sean Booth 0-0: Called Strike
0-1: Foul Ball, location: 2F
0-2: Strikes out swinging
Batting: RHB Paco Vásquez 0-0: Ball
1-0: Called Strike
1-1: Called Strike
1-2: Strikes out swinging
Top of the 5th over - 0 run(s), 0 hit(s), 0 error(s), 0 left on base; Columbia 7 - Grand Forks 3
BOTTOM OF THE 5TH
Grand Forks Caterpillars batting - Pitching for Columbia River Rats : RHP Juan Reyes
Batting: RHB Fokke Willemsen 0-0: Called Strike
0-1: Foul Ball, location: 2F
0-2: Strikes out swinging
Batting: SHB Valentín Guzmán 0-0: SINGLE (Groundball, 3D)
Batting: LHB Armando Becerra 0-0: Fly out, F9 (Flyball, 89XD)
Batting: LHB Alfonso Núñez 0-0: Ball
1-0: Ball
2-0: Foul Ball, location: 2F
2-1: Ball
3-1: Foul Ball, location: 2F
3-2: Strikes out swinging
Bottom of the 5th over - 0 run(s), 1 hit(s), 0 error(s), 1 left on base; Columbia 7 - Grand Forks 3
TOP OF THE 6TH
Columbia River Rats batting - Pitching for Grand Forks Caterpillars : LHP Oliver De Jesús
Batting: SHB Jorge González 0-0: Called Strike
0-1: Hit by Pitch
Batting: RHB Fernando Silva 0-0: Foul Ball, location: 2F
0-1: Ball
1-1: Bunted foul
1-2: Ball
2-2: Fly out, F8 (Flyball, 8LM)
Batting: RHB Víctor López 0-0: Called Strike
0-1: Ball
1-1: Ball
2-1: Swinging Strike
2-2: Foul Ball, location: 2F
2-2: Strikes out swinging
Batting: SHB Craig Barnes 0-0: Ball
1-0: Ball
2-0: Swinging Strike
2-1: Ball
3-1: Called Strike
3-2: SINGLE (Groundball, 3L)
Jorge González to second
Jorge González to third
Batting: RHB José Rivera 0-0: Called Strike
0-1: Ball
1-1: Foul Ball, location: 2F
1-2: Fielders Choice at 2nd, U6 (Groundball, 6M)
Top of the 6th over - 0 run(s), 1 hit(s), 0 error(s), 2 left on base; Columbia 7 - Grand Forks 3
BOTTOM OF THE 6TH
Grand Forks Caterpillars batting - Pitching for Columbia River Rats : RHP Juan Reyes
Batting: LHB Qi-zhen Loong 0-0: Ball
1-0: Ball
2-0: Swinging Strike
2-1: Ball
3-1: Base on Balls
Batting: RHB Nathaniel Gault 0-0: Called Strike
0-1: Swinging Strike
0-2: Ball
1-2: Strikes out swinging
Batting: SHB Luchino Salimbeni 0-0: Ball
1-0: Ball
2-0: Fly out, F8 (Flyball, 8RD)
Batting: LHB Gonzalo Álvarez 0-0: Called Strike
0-1: Ball
1-1: Fly out, F8 (Flyball, 8RD)
Bottom of the 6th over - 0 run(s), 0 hit(s), 0 error(s), 1 left on base; Columbia 7 - Grand Forks 3
TOP OF THE 7TH
Columbia River Rats batting - Pitching for Grand Forks Caterpillars : LHP Oliver De Jesús
Batting: RHB Armando Alvarado 0-0: SINGLE (Groundball, 5D)
Batting: RHB Luis Alomar 0-0: Foul Ball, location: 2F
0-1: Fly out, F8 (Flyball, 8RM)
Batting: LHB Sean Booth 0-0: Foul Ball, location: 2F
0-1: Ball
1-1: Foul Ball, location: 2F
1-2: Ball
2-2: Ball
3-2: Fly out, F7 (Flyball, 7LM)
3-2: Fly out, F7 (Flyball, 7LM)
Pitching: RHP Aurelio Sánchez
Batting: RHB Paco Vásquez 0-0: Ball
Pickoff Throw to First - Error! E1
Armando Alvarado to second
1-0: Ball
Wild Pitch!
Armando Alvarado to third
2-0: Swinging Strike
2-1: SINGLE (Line Drive, 4)
Armando Alvarado scores
Batting: SHB Jorge González 0-0: Called Strike
0-1: SINGLE (Line Drive, 6MD)
Paco Vásquez to second
Batting: RHB Fernando Silva 0-0: Ball
1-0: Ball
2-0: Foul Ball, location: 2F
2-1: Foul Ball, location: 2F
2-2: Ball
3-2: Fly out, F8 (Flyball, 8LXD)
Top of the 7th over - 1 run(s), 3 hit(s), 1 error(s), 2 left on base; Columbia 8 - Grand Forks 3
BOTTOM OF THE 7TH
Grand Forks Caterpillars batting - Pitching for Columbia River Rats : RHP Juan Reyes
Batting: LHB Júlio Castro 0-0: Ball
1-0: Foul Ball, location: 2F
1-1: Ball
2-1: Fly out, F8 (Flyball, 8RS)
Batting: RHB Fokke Willemsen 0-0: Swinging Strike
0-1: Called Strike
0-2: Strikes out looking
Batting: SHB Valentín Guzmán 0-0: Ground out 4-3 (Groundball, 4M)
Bottom of the 7th over - 0 run(s), 0 hit(s), 0 error(s), 0 left on base; Columbia 8 - Grand Forks 3
TOP OF THE 8TH
Columbia River Rats batting - Pitching for Grand Forks Caterpillars : RHP Aurelio Sánchez
Batting: RHB Víctor López 0-0: Ball
1-0: Ball
2-0: Ball
3-0: Called Strike
3-1: Bunted foul
3-2: Strikes out swinging
Batting: SHB Craig Barnes 0-0: Ball
1-0: Swinging Strike
1-1: Swinging Strike
1-2: Strikes out swinging
Batting: RHB José Rivera 0-0: Ball
1-0: Foul Ball, location: 2F
1-1: Swinging Strike
1-2: Ball
2-2: Strikes out swinging, 2-3 out at first.
Top of the 8th over - 0 run(s), 0 hit(s), 0 error(s), 0 left on base; Columbia 8 - Grand Forks 3
BOTTOM OF THE 8TH
Grand Forks Caterpillars batting - Pitching for Columbia River Rats : RHP Juan Reyes
Batting: LHB Armando Becerra 0-0: Swinging Strike
0-1: Ball
1-1: Swinging Strike
1-2: Strikes out swinging
Batting: LHB Alfonso Núñez 0-0: Foul Ball, location: 2F
0-1: Called Strike
0-2: Strikes out looking
Batting: LHB Qi-zhen Loong 0-0: Called Strike
0-1: Called Strike
0-2: Ball
1-2: Strikes out looking
Bottom of the 8th over - 0 run(s), 0 hit(s), 0 error(s), 0 left on base; Columbia 8 - Grand Forks 3
TOP OF THE 9TH
Columbia River Rats batting - Pitching for Grand Forks Caterpillars : RHP Aurelio Sánchez
Batting: RHB Armando Alvarado 0-0: Swinging Strike
0-1: Foul Ball, location: 2F
0-2: Ball
1-2: Ball
2-2: Strikes out looking
Batting: RHB Luis Alomar 0-0: Called Strike
0-1: Foul Ball, location: 2F
0-2: Strikes out swinging
Batting: LHB Sean Booth 0-0: Called Strike
0-1: Ball
1-1: Ground out 4-3 (Groundball, 4)
Top of the 9th over - 0 run(s), 0 hit(s), 0 error(s), 0 left on base; Columbia 8 - Grand Forks 3
BOTTOM OF THE 9TH
Grand Forks Caterpillars batting - Pitching for Columbia River Rats : RHP Juan Reyes
Batting: RHB Nathaniel Gault 0-0: Ball
1-0: Called Strike
1-1: Swinging Strike
1-2: Strikes out looking
Batting: SHB Luchino Salimbeni 0-0: Ball
1-0: Called Strike
1-1: Ball
2-1: Ground out 4-3 (Groundball, 34)
Batting: LHB Gonzalo Álvarez 0-0: Ball
1-0: Fly out, F8 (Line Drive, 8LM)
Bottom of the 9th over - 0 run(s), 0 hit(s), 0 error(s), 0 left on base; Columbia 8 - Grand Forks 3
This league is powered by Out of the Park Baseball, the baseball management simulation game for PC, Mac and Linux
Friday, October 23rd, 2015 - OOTP Baseball 16.9 Build 39